 Dungeon Crawl Stone Soup version 0.31.0-11-ge490571c62 (webtiles) character file.

Game seed: 1638140614400079724

1749 arthad the Cudgeller (level 9, -1/55 HPs)
             Began as a Gargoyle Fighter on Jan 28, 2024.
             Was an Initiate of Makhleb.
             Slain by a hornet (12 damage)
             ... on level 7 of the Dungeon.
             The game lasted 00:09:40 (6000 turns).

arthad the Cudgeller (Gargoyle Fighter)             Turns: 6000, Time: 00:09:41

Health: -1/55      AC: 17    Str: 24    XL:     9   Next: 6%
Magic:  20/20      EV: 10    Int:  9    God:    Makhleb [......]
Gold:   417        SH:  4    Dex:  9    Spells: 8/8 levels left

rFire   . . .        a - +0 flail
rCold   + . .        c - +0 buckler
rNeg    + . .        b - +0 scale mail
rPois   ∞            k - +1 helmet
rElec   +            w - scarf {repulsion}
rCorr   .            D - +0 pair of gloves
SInv    .            (no boots)
Will    .....        s - amulet of magic regeneration Stlth
                     m - ring of protection from cold
HPRegen 0.29/turn    j - ring of magical power
MPRegen 0.57/turn

%: repel missiles
@: no status effects
A: sickness immunity, AC +6, negative energy resistance 1, electricity
resistance, torment resistance 1, petrification resistance
a: Renounce Religion


You were on level 7 of the Dungeon.
You worshipped Makhleb.
Makhleb was noncommittal.
You visited 2 branches of the dungeon, and saw 9 of its levels.

You collected 417 gold pieces.

Inventory:

Hand Weapons
 a - a +0 flail (weapon)
 n - the +7 dagger of Bahysiof {venom, Int+6}
   (You took it off a goblin on level 3 of the Dungeon)

   Int+6:     It affects your intelligence (+6).
Missiles
 p - a javelin
 y - 4 poisoned darts (quivered)
Armour
 b - a +0 scale mail (worn)
 c - a +0 buckler (worn)
 h - a +0 helmet
 k - a +1 helmet (worn)
 t - the +0 helmet of Oluap {Harm +Inv rN++ Slay+3}
   (You found it on level 4 of the Dungeon)

   Slay+3:    It affects your accuracy & damage with ranged weapons and melee
   (+3).
   rN++:      It greatly protects you from negative energy.
   +Inv:      It lets you turn invisible.
   Harm:      It increases damage dealt and taken.
 w - a scarf of repulsion (worn)
 D - a +0 pair of gloves (worn)
Jewellery
 d - a ring of protection from cold
 j - a ring of magical power (right hand)
 m - a ring of protection from cold (left hand)
 s - an amulet of magic regeneration (around neck)
 F - a ring of protection from cold
Wands
 r - a wand of flame (27)
 B - a wand of mindburst (9)
Scrolls
 e - 3 scrolls of revelation
 f - 6 scrolls of identify {unknown}
 g - 4 scrolls of poison
 i - 3 scrolls of enchant weapon {unknown}
 l - 3 scrolls of vulnerability {unknown}
 o - a scroll of noise {unknown}
 u - a scroll of enchant armour {unknown}
 v - 4 scrolls of teleportation {unknown}
 x - 3 scrolls of blinking {unknown}
Potions
 q - a potion of might
 z - a potion of curing
 A - 3 potions of mutation {unknown}
 C - a potion of enlightenment {unknown}
 E - a potion of heal wounds {unknown}


   Skills:
 * Level 5.6 Fighting
 * Level 7.5 Maces & Flails
 + Level 1.5 Throwing
 + Level 6.2 Armour
 + Level 2.2 Dodging
 + Level 0.1 Stealth
 + Level 4.6 Shields
 * Level 3.1 Invocations


You had 8 spell levels left.
You didn't know any spells.
Your spell library contained the following spells:

 Spells                   Type           Power      Damage    Failure   Level
 Apportation              Tloc           0%         N/A       73%         1
 Necrotise                Necr           0%         1d4       73%         1
 Sting                    Conj/Alch      0%         1d3       73%         1
 Summon Small Mammal      Summ           0%         N/A       73%         1
 Ensorcelled Hibernation  Hex/Ice        0%         N/A       86%         2
 Mercury Vapours          Alch/Air       0%         N/A       86%         2
 Frozen Ramparts          Ice            0%         1d1       97%         3
 Mephitic Cloud           Conj/Alch/Air  0%         N/A       97%         3
 Vampiric Draining        Necr           0%         2d6       97%         3
 Animate Dead             Necr           0%         N/A       100%        4
 Brom's Barrelling Bould  Conj/Erth      0%         2d3       100%        4
 Martyr's Knell           Necr/Summ      0%         N/A       100%        4
 Curse of Agony           Necr           0%         N/A       100%        5
 Fireball                 Conj/Fire      0%         3d3       100%        5
 Freezing Cloud           Conj/Ice/Air   0%         6-21      100%        5
 Iskenderun's Battlesphe  Conj           0%         2d6       100%        5
 Conjure Ball Lightning   Conj/Air       0%         3x3d6     100%        6
 Haunt                    Necr/Summ      0%         N/A       100%        7
 Orb of Destruction       Conj           0%         9d5       100%        7
 Infestation              Necr           0%         N/A       100%        8


Dungeon Overview and Level Annotations

Branches:
Dungeon (8/15)             Temple (1/1) D:6
   Lair: D:8-11

Altars:
Ashenzari
Cheibriados
Dithmenos
Elyvilon
Fedhas
Hepliaklqana
Kikubaaqudgha
Makhleb
Nemelex Xobeh
Qazlal
Ru
Sif Muna
Trog
Uskayaw
Xom
Yredelemnul
Zin
The Shining One

Shops:
D:6 [   D:7 (


Innate Abilities, Weirdness & Mutations

You are immune to sickness and miasma.
Your stone body is resilient. (AC +6)
You are immune to poison.
You resist negative energy. (rN+)
You are resistant to electric shocks. (rElec)
You are resistant to unholy torment.
You are immune to petrification.


Message History

The hornet is moderately wounded.
You block the hornet's attack.
You sock the hornet!
The hornet is severely wounded.
The hornet stings you but does no damage.
The hornet stings you!
You hit the hornet but do no damage.
The hornet is severely wounded.
The hornet stings you! The hornet barely misses you.
You miss the hornet.
The hornet is severely wounded.
The hornet stings you.
You are too injured to fight recklessly!
You are too injured to fight recklessly!
You are too injured to fight recklessly!
You are too injured to fight recklessly!
You are too injured to fight recklessly!
You are too injured to fight recklessly!
You are too injured to fight recklessly!
You are too injured to fight recklessly!
You closely miss the hornet.
The hornet is severely wounded.
The hornet stings you. The hornet barely misses you.
You miss the hornet.
The hornet is severely wounded.
The hornet stings you but does no damage.
You closely miss the hornet.
The hornet is severely wounded.
The hornet stings you but does no damage.
The hornet closely misses you.
You closely miss the hornet.
The hornet is severely wounded.
The hornet closely misses you.
You hit the hornet.
The hornet is almost dead.
The hornet stings you but does no damage.
The hornet stings you!
* * * LOW HITPOINT WARNING * * *
You feel better. The hornet stings you!
You die...

#### #.# #.# #.#
############# ##.##
...[........#####
#...#
###########%....#
#.#.# #.##..### #...#
#.......# ##.##
###########.<.∩y@.#
#.#
..................#
#.#
#########....#....####
#.#
#.#######....####.#
#....#....##......#
####.#.##########.#
#.#.##########.#
#..............#
################


You could see a hornet.

Vanquished Creatures
  Sigmund (D:6)
  A wyvern (D:7)
  Menkaure (D:6)
  A water moccasin (D:7)
  A sky beast (D:7)
  An ice beast (D:6)
  A black bear (D:7)
  An ogre (D:6)
  Blork the orc (D:3)
  3 bullfrogs
  A scorpion (D:5)
  A bombardier beetle (D:5)
  2 hounds
  2 jellies
  4 iguanas
  Ijyb (D:4)
  A sleepcap (D:5)
  3 orc wizards
  A gnoll (D:1)
  6 adders
  A dart slug (D:4)
  3 ribbon worms
  13 orcs
  5 bats
  5 endoplasms
  3 giant cockroaches
  7 goblins
  10 hobgoblins
  4 kobolds
  2 quokkas
  3 ball pythons
  4 frilled lizards
  4 rats
98 creatures vanquished.

Notes
Turn   | Place    | Note
-------+----------+-------------------------------------------
     0 | D:1      | arthad the Gargoyle Fighter began the quest for the Orb.
     0 | D:1      | Reached XP level 1. HP: 14/14 MP: 1/1
   252 | D:1      | Found a faded altar of an unknown god.
   254 | D:1      | Noticed an eye of devastation
   254 | D:1      | Noticed a glass eye
   260 | D:1      | Noticed a glass eye
   275 | D:1      | Noticed a shining eye
   346 | D:1      | Reached XP level 2. HP: 19/19 MP: 2/2
   480 | D:1      | Reached XP level 3. HP: 22/23 MP: 3/3
  1337 | D:3      | Reached XP level 4. HP: 29/29 MP: 4/4
  1849 | D:3      | Identified the +7 dagger of Bahysiof {venom, Int+6}
  1931 | D:3      | Reached skill level 3 in Maces & Flails
  2466 | D:4      | Reached XP level 5. HP: 31/33 MP: 5/5
  2472 | D:4      | Noticed Blork the orc
  2500 | D:3      | Killed Blork the orc
  2578 | D:4      | Reached skill level 1 in Dodging
  2617 | D:4      | Noticed Ijyb
  2647 | D:4      | Killed Ijyb
  2648 | D:4      | Reached XP level 6. HP: 29/38 MP: 6/6
  2775 | D:4      | Identified the +0 helmet of Oluap {Harm +Inv rN++ Slay+3}
  2956 | D:5      | Entered Level 5 of the Dungeon
  3024 | D:5      | Reached skill level 5 in Armour
  3120 | D:5      | Reached skill level 4 in Maces & Flails
  3452 | D:5      | Reached XP level 7. HP: 43/43 MP: 7/7
  3521 | D:5      | You fall into a shaft and drop 3 floors!
  3658 | D:7      | Found Gojucets's Weapon Shop.
  3675 | D:6      | Found a staircase to the Ecumenical Temple.
  3685 | Temple   | Entered the Ecumenical Temple
  3696 | Temple   | Became a worshipper of Makhleb the Destroyer
  3755 | D:6      | Got Sif Muna's Lectures on Glaciation
  3884 | D:6      | Reached skill level 5 in Maces & Flails
  3892 | D:6      | Reached skill level 1 in Invocations
  4026 | D:6      | Noticed Sigmund
  4055 | D:6      | Killed Sigmund
  4056 | D:6      | Reached skill level 1 in Throwing
  4056 | D:6      | Reached XP level 8. HP: 42/48 MP: 9/9
  4239 | D:6      | Found Fintelax's Armour Boutique.
  4351 | D:6      | Reached skill level 6 in Maces & Flails
  4537 | D:6      | Noticed Menkaure
  4544 | D:6      | Killed Menkaure
  4545 | D:6      | Reached skill level 5 in Fighting
  4974 | D:7      | Noticed a wyvern
  4986 | D:7      | Killed a wyvern
  5117 | D:7      | Reached skill level 7 in Maces & Flails
  5155 | D:7      | Reached XP level 9. HP: 41/55 MP: 11/11
  5643 | D:8      | Noticed a two-headed ogre
  5745 | D:5      | Found a shadowy altar of Dithmenos.
  5745 | D:5      | Found a sacrificial altar of Ru.
  5754 | D:5      | Found an ancient bone altar of Kikubaaqudgha.
  5756 | D:5      | Found a glowing silver altar of Zin.
  5976 | D:8      | Noticed a hornet
  5976 | D:8      | Noticed a white ugly thing
  6000 | D:7      | Slain by a hornet

Illustrated notes

Levels and vault maps discovered:
D:1:      matt_arrival_diagonals, layout_basic,
          hellmonk_ecumenical_altar_watching_god
D:2:      layout_rooms
D:3:      layout_loops_ring, kennysheep_another_room, minmay_misc_feat_iff,
          guppyfry_early_lair_pool
D:4:      layout_basic, uniq_blork_the_orc, uniq_ijyb
D:5:      layout_gridville, nicolae_overflow_macrodata_refinement
D:6:      layout_basic, temple_statues, serial_shops,
          nicolae_shop_tiny_real_fake_doors, grunt_decor_arrowhead,
          hangedman_abyss_or_decor_jellyfish_corner,
          dreamdust_mushroom_princess, uniq_menkaure, uniq_sigmund
D:7:      layout_loops_ring, nicolae_stop_n_shop_2, feat_on_display
D:8:      nzn_winding_woodlands_cross [nzn_winding_woodlands_5x15_garden,
          nzn_winding_woodlands_5x15_river_crossing,
          nzn_winding_woodlands_5x15_jagged, nzn_winding_woodlands_5x15_twine,
          nzn_winding_woodlands_15x15_eel_pit], layout_cave_pools,
          grunt_gozag_statues
Temple:   nicolae_temple_great_sept

Skill      XL: |  1  2  3  4  5  6  7  8 |
---------------+-------------------------+-----
Armour         | 4 5 6 |  6.2
Maces & Flails | 3 4 5 7 |  7.5
Shields        | 4 |  4.6
Dodging        | 1 2 |  2.2
Fighting       | 4 5 |  5.6
Invocations    | 2 3 |  3.1
Throwing       | 1 |  1.5
Stealth        | |  0.1

Action                     |  1- 3 |  4- 6 |  7- 9 || total
---------------------------+-------+-------+-------++-------
  Melee: Flail             |   102 |   202 |   213 ||   517
  Throw: Javelin           |       |     5 |     3 ||     8
         Dart              |       |       |    20 ||    20
    Use: Scroll            |       |     2 |       ||     2
         Potion            |       |     3 |     2 ||     5
 Armour: Scale mail        |    60 |   135 |   159 ||   354
         Skin              |       |     4 |       ||     4
  Dodge: Dodged            |    50 |    75 |   105 ||   230
         Repelled          |       |       |     1 ||     1
  Block: Buckler           |    18 |    42 |    32 ||    92
